 Dungeon Crawl Stone Soup version 0.22-a0-181-gb22368a (webtiles) character file.

1428 mhoghedin the Magician (level 8, -4/64 HPs)
             Began as a Gnoll Wanderer on Feb 14, 2018.
             Was an Initiate of Sif Muna.
             Slain by a wyvern (16 damage)
             ... on level 6 of the Dungeon.
             The game lasted 00:11:24 (5948 turns).

mhoghedin the Magician (Gnoll Wanderer)             Turns: 5948, Time: 00:11:25

Health: -4/64      AC:  4    Str:  8    XL:     8   Next: 72%
Magic:  12/17      EV: 14    Int: 18    God:    Sif Muna [......]
Gold:   327        SH:  0    Dex: 15    Spells: 14/19 levels left

rFire    . . .     SeeInvis .   a - +2 quarterstaff
rCold    + . .     Gourm    .   (shield currently unavailable)
rNeg     . . .     Faith    .   x - +0 leather armour of Limitation {rPois rC+ Str-5}
rPois    +         Spirit   .   c - +0 helmet
rElec    .         Reflect  .   (no cloak)
rCorr    +         Harm     .   (no gloves)
MR       .....                  (no boots)
Stlth    ++........             (no amulet)
HPRegen  0.20/turn              v - ring of resist corrosion
MPRegen  0.15/turn              (no ring)

@: infused
A: distributed training, fangs 1, strong nose
a: Renounce Religion


You were on level 6 of the Dungeon.
You worshipped Sif Muna.
Sif Muna was noncommittal.
You were not hungry.

You visited 2 branches of the dungeon, and saw 7 of its levels.

You collected 327 gold pieces.

Inventory:

Hand Weapons
 a - a +2 quarterstaff (weapon)
 b - a +1 short sword of venom
   (You took it off a kobold on level 1 of the Dungeon)
Missiles
 m - a throwing net {=f, !d}
 o - 2 tomahawks of dispersal {=f}
Armour
 c - a +0 helmet (worn)
   (You found it on level 4 of the Dungeon)
 d - a +0 robe
 x - the +0 leather armour of Limitation (worn) {rPois rC+ Str-5}
   (You found it on level 5 of the Dungeon)

   It affects your strength (-5).
   It protects you from cold.
   It protects you from poison.
Jewellery
 v - a ring of resist corrosion (left hand)
   (You found it on level 4 of the Dungeon)
 w - an uncursed ring of protection from cold {unknown}
   (You found it on level 5 of the Dungeon)
 y - an uncursed ring of flight {unknown}
   (You found it on level 5 of the Dungeon)
Scrolls
 h - a scroll of magic mapping {unknown}
 j - a scroll of fear {unknown}
 l - a scroll of immolation {unknown}
 n - a scroll of remove curse
 p - a scroll of teleportation
 q - a scroll of fog
 u - a scroll of identify
Potions
 e - 2 potions of flight
 i - 4 potions of curing
 k - a potion of magic
 r - a potion of ambrosia {unknown}
 t - 2 potions of haste
Books
 g - Cosuotz's Tome of Arcane Weapons

   Spells                             Type                      Level
   a - Throw Flame                    Conjuration/Fire             2
   b - Throw Frost                    Conjuration/Ice              2
 s - Jessica's Incunabulum of Augmentations
   (You found it on level 3 of the Dungeon)

   Spells                             Type                      Level
   a - Infusion                       Charms                       1
 z - a book of Conjurations
   (You found it on level 5 of the Dungeon)
 B - a book of Misfortune
   (You found it on level 6 of the Dungeon)
Comestibles
 f - 9 rations
 A - 11 chunks of flesh {@w0}


   Skills:
 + Level 5.8 Fighting
 + Level 3.4 Short Blades
 + Level 3.4 Long Blades
 + Level 3.4 Axes
 + Level 3.4 Maces & Flails
 + Level 3.4 Polearms
 + Level 5.8 Staves
 + Level 3.4 Slings
 + Level 3.4 Bows
 + Level 3.4 Crossbows
 + Level 4.3 Throwing
 + Level 3.4 Armour
 + Level 4.3 Dodging
 + Level 3.4 Stealth
 + Level 3.4 Shields
 + Level 3.4 Unarmed Combat
 + Level 6.1 Spellcasting
 + Level 2.8 Conjurations
 + Level 2.8 Hexes
 + Level 2.8 Charms
 + Level 2.8 Summonings
 + Level 2.8 Necromancy
 + Level 2.8 Translocations
 + Level 2.8 Transmutations
 + Level 2.8 Fire Magic
 + Level 2.8 Ice Magic
 + Level 2.8 Air Magic
 + Level 3.6 Earth Magic
 + Level 2.8 Poison Magic
 + Level 3.8 Invocations
 + Level 4.3 Evocations


You had 14 spell levels left.
You knew the following spells:

 Your Spells              Type           Power        Failure   Level  Hunger
a - Infusion              Chrm           ###.         5%          1    None
b - Searing Ray           Conj           ###...       8%          2    None
x - Throw Flame           Conj/Fire      ###...       8%          2    None


Dungeon Overview and Level Annotations

Branches:
Dungeon (6/15)             Temple (1/1) D:5

Altars:
Ashenzari
Dithmenos
Elyvilon
Fedhas
Gozag
Kikubaaqudgha
Makhleb
Okawaru
Qazlal
Ru
Sif Muna
Trog
Uskayaw
Vehumet
Wu Jian
Yredelemnul
Zin
The Shining One
Jiyva

Shops:
D:4 **

Annotations:
D:5 exclusion: Blork the orc


Innate Abilities, Weirdness & Mutations

Your experience applies equally to all skills.
You have very sharp teeth.
Your uncanny sense of smell can sniff out nearby items.


Message History

You open the door.
There is an open door here.
You open the door. 3 jackals come into view.
The jackal barks! x3
A jackal comes into view.
The jackal barks!
There is an open door here.
You hit the jackal.
You kill the jackal!
Sif Muna accepts your kill.
You closely miss the jackal. You sock the jackal!
You kill the jackal!
Sif Muna accepts your kill. The jackal bites you.
You take 1 damage, and have 63/64 hp.
The jackal barely misses you.
You hit the jackal. The jackal closely misses you.
You hit the jackal.
You kill the jackal!
Sif Muna accepts your kill.
You completely miss the jackal. The jackal barely misses you.
The jackal closely misses you.
Health restored: 64 You hit the jackal but do no damage.
The jackal barely misses you.
You hit the jackal. The jackal barely misses you.
You sock the jackal!
You kill the jackal!
Sif Muna accepts your kill.
No target in view!
No target in view!
No target in view!
No target in view!
No target in view!
No target in view!
No target in view!
There is an open door here.
Things that are here:
a jackal corpse x2
You butcher the jackal corpse.
A - 8 chunks of flesh {@w0} (gained 2)
There is an open door here.
You see here a jackal corpse.
You butcher the jackal corpse.
A - 11 chunks of flesh {@w0} (gained 3)
There is an open door here.
You see here a jackal skeleton.
Okay, then.
Unknown command.
Things that are here:
a jackal corpse x2
Things that are here:
a jackal corpse x2
There is an open door here.
You see here a jackal skeleton.
There is an open door here.
An orc comes into view.
The orc shouts!
You hear an angry hiss.
An orc is nearby!
You barely miss the orc. The orc hits you but does no damage.
A wyvern comes into view.
You hit the orc but do no damage. The orc barely misses you.
There is an open door here.
There is an open door here.
You see here a jackal skeleton.
Aim: an orc, wearing a scale mail The searing ray hits the orc. (Press . to maintain the ray.)
The orc hits you.
You take 5 damage, and have 59/64 hp.
You now have 15/17 mp.
The searing ray misses the orc.
The searing ray hits the wyvern.
The orc misses you.
You now have 14/17 mp.
The searing ray hits the orc.
You kill the orc!
Sif Muna accepts your kill. The wyvern bites you.
You take 6 damage, and have 54/64 hp.
You now have 13/17 mp.
The searing ray hits the wyvern.
You finish channeling your searing ray.
The wyvern closely misses you.
You now have 12/17 mp.
You begin infusing your attacks with magical energy.
The wyvern bites you. The wyvern bites you!!
You take 20 damage, and have 34/64 hp.
MASSIVE DAMAGE!!
You now have 11/17 mp.
You hit the wyvern but do no damage.
The wyvern bites you but does no damage.
You hit the wyvern but do no damage.
The wyvern bites you but does no damage.
The wyvern bites you!
You take 9 damage, and have 25/64 hp.
You hit the wyvern but do no damage. You bite the wyvern, but do no damage.
The wyvern bites you!
* * * LOW HITPOINT WARNING * * *
You take 13 damage, and have 12/64 hp.
MASSIVE DAMAGE!!
You closely miss the wyvern. The wyvern bites you!
You die...

#.....###...........#.#
#####.# #...........#..
#.# #...........#.#
#####.# #...........#..
#.....# #...........#..
#.....# #...........#..
#.....# #...........###
#.....###..............
#....†@l'..........####
#.....###..........# #
#.....# #..........# #
#.....# #########'##
#.....# ... #.....#
..... #.....# .l...#
#.....# .....# #.....#
.....#


You could see a wyvern.

Vanquished Creatures
  An orc warrior (D:6)
  An ice beast (D:5)
  An ogre (D:5)
  A centaur (D:5)
  The ghost of Soeti the Insei, an amateur OpTm (D:3)
  Blork the orc (D:5)
  A howler monkey (D:5)
  2 crimson imps
  A bullfrog zombie (D:5)
  3 hounds
  A bullfrog skeleton (D:5)
  3 orc priests
  2 jellies
  2 orc wizards
  Jessica (D:3)
  3 centaur skeletons
  A worker ant (D:5)
  A hound skeleton (D:5)
  A howler monkey zombie (D:6)
  11 gnolls
  7 adders
  2 oozes (D:3)
  5 worms
  2 dart slugs
  3 leopard geckos
  20 orcs
  4 ball pythons
  5 giant cockroaches
  13 hobgoblins
  11 jackals
  2 quokkas (D:3)
  4 bats
  5 frilled lizards
  8 goblins
  A jackal skeleton (D:5)
  9 kobolds
  A leopard gecko skeleton (D:5)
  10 rats
151 creatures vanquished.

Notes
Turn   | Place    | Note
-------+----------+-------------------------------------------
     0 | D:1      | mhoghedin the Gnoll Wanderer began the quest for the Orb.
     0 | D:1      | mhoghedin set off with: a +2 quarterstaff, Cosuotz's Tome of Arcane Weapons, a potion of lignification {!q}, a +0 robe, a ration
     0 | D:1      | Reached XP level 1. HP: 20/20 MP: 6/6
   149 | D:1      | Reached skill level 2 in Earth Magic
   152 | D:1      | Reached XP level 2. HP: 26/26 MP: 7/7
   636 | D:1      | Reached XP level 3. HP: 29/31 MP: 9/9
   769 | D:1      | Reached skill level 5 in Spellcasting
   829 | D:2      | Identified Cosuotz's Tome of Arcane Weapons
   832 | D:2      | Learned a level 2 spell: Throw Flame
  1079 | D:2      | Reached skill level 1 in Invocations
  1081 | D:2      | Reached skill level 1 in Short Blades
  1081 | D:2      | Reached skill level 1 in Long Blades
  1081 | D:2      | Reached skill level 1 in Axes
  1081 | D:2      | Reached skill level 1 in Maces & Flails
  1081 | D:2      | Reached skill level 1 in Polearms
  1081 | D:2      | Reached skill level 1 in Slings
  1081 | D:2      | Reached skill level 1 in Bows
  1081 | D:2      | Reached skill level 1 in Crossbows
  1081 | D:2      | Reached skill level 1 in Armour
  1081 | D:2      | Reached skill level 1 in Stealth
  1081 | D:2      | Reached skill level 1 in Shields
  1081 | D:2      | Reached skill level 1 in Unarmed Combat
  1090 | D:2      | Reached XP level 4. HP: 30/38 MP: 2/11
  1579 | D:2      | Reached skill level 1 in Conjurations
  1579 | D:2      | Reached skill level 1 in Hexes
  1579 | D:2      | Reached skill level 1 in Charms
  1579 | D:2      | Reached skill level 1 in Summonings
  1579 | D:2      | Reached skill level 1 in Necromancy
  1579 | D:2      | Reached skill level 1 in Translocations
  1579 | D:2      | Reached skill level 1 in Transmutations
  1579 | D:2      | Reached skill level 1 in Fire Magic
  1579 | D:2      | Reached skill level 1 in Ice Magic
  1579 | D:2      | Reached skill level 1 in Air Magic
  1579 | D:2      | Reached skill level 1 in Poison Magic
  1897 | D:2      | Found a deep blue altar of Sif Muna.
  1897 | D:2      | Found a glowing golden altar of the Shining One.
  1902 | D:2      | Found an ornate altar of the Wu Jian Council.
  1904 | D:2      | Found a faded altar of an unknown god.
  1905 | D:2      | Found an opulent altar of Gozag.
  1962 | D:2      | Reached XP level 5. HP: 43/43 MP: 12/12
  1968 | D:2      | Found a burning altar of Makhleb.
  1971 | D:2      | Found a radiant altar of Vehumet.
  2376 | D:3      | Reached skill level 3 in Throwing
  2376 | D:3      | Reached skill level 3 in Dodging
  2376 | D:3      | Reached skill level 3 in Evocations
  2398 | D:3      | Noticed Soeti's ghost (amateur OpTm)
  2417 | D:3      | Killed Soeti's ghost
  2417 | D:3      | Reached XP level 6. HP: 31/50 MP: 1/13
  2510 | D:3      | Reached skill level 2 in Invocations
  2934 | D:3      | Reached skill level 5 in Fighting
  2934 | D:3      | Reached skill level 5 in Staves
  3064 | D:3      | Reached skill level 2 in Short Blades
  3064 | D:3      | Reached skill level 2 in Long Blades
  3064 | D:3      | Reached skill level 2 in Axes
  3064 | D:3      | Reached skill level 2 in Maces & Flails
  3064 | D:3      | Reached skill level 2 in Polearms
  3064 | D:3      | Reached skill level 2 in Slings
  3064 | D:3      | Reached skill level 2 in Bows
  3064 | D:3      | Reached skill level 2 in Crossbows
  3064 | D:3      | Reached skill level 2 in Armour
  3064 | D:3      | Reached skill level 2 in Stealth
  3064 | D:3      | Reached skill level 2 in Shields
  3064 | D:3      | Reached skill level 2 in Unarmed Combat
  3188 | D:3      | Noticed Jessica
  3200 | D:3      | Killed Jessica
  3241 | D:3      | Identified Jessica's Incunabulum of Augmentations
  3455 | D:4      | Found Zin's Purification Station.
  3463 | D:4      | Found a glowing silver altar of Zin.
  3545 | D:4      | Reached XP level 7. HP: 44/56 MP: 12/15
  3611 | D:4      | Found Yfoch's General Store.
  4037 | D:4      | Reached skill level 2 in Conjurations
  4037 | D:4      | Reached skill level 2 in Hexes
  4037 | D:4      | Reached skill level 2 in Charms
  4037 | D:4      | Reached skill level 2 in Summonings
  4037 | D:4      | Reached skill level 2 in Necromancy
  4037 | D:4      | Reached skill level 2 in Translocations
  4037 | D:4      | Reached skill level 2 in Transmutations
  4037 | D:4      | Reached skill level 2 in Fire Magic
  4037 | D:4      | Reached skill level 2 in Ice Magic
  4037 | D:4      | Reached skill level 2 in Air Magic
  4037 | D:4      | Reached skill level 2 in Poison Magic
  4128 | D:4      | Found an opulent altar of Gozag.
  4330 | D:5      | Entered Level 5 of the Dungeon
  4363 | D:5      | Reached skill level 3 in Earth Magic
  4368 | D:5      | Got a shimmering leather armour
  4379 | D:5      | Identified the +0 leather armour of Limitation {rPois rC+ Str-5} (You found it on level 5 of the Dungeon)
  4382 | D:5      | Noticed Blork the orc
  4412 | D:5      | Found a staircase to the Ecumenical Temple.
  4419 | Temple   | Entered the Ecumenical Temple
  4582 | D:2      | Became a worshipper of Sif Muna the Loreminder
  4659 | D:5      | Found a white marble altar of Elyvilon.
  4841 | D:5      | Reached skill level 3 in Invocations
  4938 | D:5      | Learned a level 1 spell: Infusion
  5051 | D:5      | Killed Blork the orc
  5051 | D:5      | Reached XP level 8. HP: 43/63 MP: 11/16
  5301 | D:5      | Reached skill level 3 in Short Blades
  5301 | D:5      | Reached skill level 3 in Long Blades
  5301 | D:5      | Reached skill level 3 in Axes
  5301 | D:5      | Reached skill level 3 in Maces & Flails
  5301 | D:5      | Reached skill level 3 in Polearms
  5301 | D:5      | Reached skill level 3 in Slings
  5301 | D:5      | Reached skill level 3 in Bows
  5301 | D:5      | Reached skill level 3 in Crossbows
  5301 | D:5      | Reached skill level 4 in Throwing
  5301 | D:5      | Reached skill level 3 in Armour
  5301 | D:5      | Reached skill level 4 in Dodging
  5301 | D:5      | Reached skill level 3 in Stealth
  5301 | D:5      | Reached skill level 3 in Shields
  5301 | D:5      | Reached skill level 3 in Unarmed Combat
  5301 | D:5      | Reached skill level 4 in Evocations
  5394 | D:5      | Found an iron altar of Okawaru.
  5429 | D:5      | Found an iron altar of Okawaru.
  5460 | D:5      | Reached skill level 6 in Spellcasting
  5472 | D:5      | Learned a level 2 spell: Searing Ray
  5929 | D:6      | Noticed a wyvern
  5947 | D:6      | HP: 12/64 [wyvern (13)]
  5948 | D:6      | Slain by a wyvern

Vault maps used:
D:1:      elethiomel_arrival_fortress_basement, hex_large
D:2:      grunt_temple_overflow_open, chequers_temple_overflow_minitemple
D:3:      kennysheep_jessica_study
D:4:      zin_purify, serial_shops, nicolae_shop_crystal,
          nicolae_gozag_seed_capital
D:5:      marbit_many_paths, nicolae_overflow_hidden_temple,
          minmay_temple_entry_hall, first_ration, basic_altar,
          uniq_blork_the_orc
D:6:      serial_shops, shop, corexii_corridor_pit
Temple:   pf_slimified_temple

Skill      XL: |  1  2  3  4  5  6  7  8 |
---------------+-------------------------+-----
Earth Magic    | 2 3 |  3.6
Spellcasting   | 5 6 |  6.1
Invocations    | 1 2 3 |  3.8
Short Blades   | 1 2 3 |  3.4
Long Blades    | 1 2 3 |  3.4
Axes           | 1 2 3 |  3.4
Maces & Flails | 1 2 3 |  3.4
Polearms       | 1 2 3 |  3.4
Slings         | 1 2 3 |  3.4
Bows           | 1 2 3 |  3.4
Crossbows      | 1 2 3 |  3.4
Armour         | 1 2 3 |  3.4
Stealth        | 1 2 3 |  3.4
Shields        | 1 2 3 |  3.4
Unarmed Combat | 1 2 3 |  3.4
Conjurations   | 1 2 |  2.8
Hexes          | 1 2 |  2.8
Charms         | 1 2 |  2.8
Summonings     | 1 2 |  2.8
Necromancy     | 1 2 |  2.8
Translocations | 1 2 |  2.8
Transmutations | 1 2 |  2.8
Fire Magic     | 1 2 |  2.8
Ice Magic      | 1 2 |  2.8
Air Magic      | 1 2 |  2.8
Poison Magic   | 1 2 |  2.8
Throwing       | 3 4 |  4.3
Dodging        | 3 4 |  4.3
Evocations     | 3 4 |  4.3
Fighting       | 5 |  5.8
Staves         | 5 |  5.8

Action                   |  1- 3 |  4- 6 |  7- 9 || total
-------------------------+-------+-------+-------++-------
Melee: Quarterstaff      |    22 |     6 |   100 ||   128
       Short sword       |    57 |   185 |    57 ||   299
       Bite              |     7 |    27 |    24 ||    58
       Punch             |       |     2 |       ||     2
 Cast: Throw Flame       |     4 |    25 |    17 ||    46
       Infusion          |       |       |    11 ||    11
       Searing Ray       |       |       |     2 ||     2
  Use: Scroll            |       |     8 |       ||     8
       Potion            |       |     2 |       ||     2
 Stab: Sleeping          |     2 |     4 |     3 ||     9
  Eat: Chunk             |       |     9 |     4 ||    13
       Ration            |       |       |     1 ||     1
Armor: Robe              |    12 |    22 |     9 ||    43
       Skin              |       |     8 |       ||     8
       Leather armour    |       |       |    17 ||    17
Dodge: Dodged            |    53 |   137 |   102 ||   292

Table legend:
 A = Spawn XP
 B = Non-spawn XP
 C = Spawn XP percentage of total XP
 D = Spawn monster count
 E = Non-spawn monster count
 F = Spawn count percentage of total count
 G = Total turns spent on level
                    A         B        C        D         E        F      G
               +---------+---------+-------+---------+---------+-------+---------
         Total |       0 |    2041 |   0.0 |       0 |     151 |   0.0 |  5948
               +---------+---------+-------+---------+---------+-------+---------
           D:1 |       0 |      38 |   0.0 |       0 |      23 |   0.0 |   816
           D:2 |       0 |     135 |   0.0 |       0 |      34 |   0.0 |  1362
           D:3 |       0 |     376 |   0.0 |       0 |      45 |   0.0 |  1332
           D:4 |       0 |     327 |   0.0 |       0 |      14 |   0.0 |   939
           D:5 |       0 |     867 |   0.0 |       0 |      21 |   0.0 |  1125
           D:6 |       0 |     298 |   0.0 |       0 |      14 |   0.0 |   290
               +---------+---------+-------+---------+---------+-------+---------

Vault maps used:
D:1:      elethiomel_arrival_fortress_basement, hex_large
D:2:      grunt_temple_overflow_open, chequers_temple_overflow_minitemple
D:3:      kennysheep_jessica_study
D:4:      zin_purify, serial_shops, nicolae_shop_crystal,
          nicolae_gozag_seed_capital
D:5:      marbit_many_paths, nicolae_overflow_hidden_temple,
          minmay_temple_entry_hall, first_ration, basic_altar,
          uniq_blork_the_orc
D:6:      serial_shops, shop, corexii_corridor_pit
Temple:   pf_slimified_temple

Table legend:
 A = Turns spent in this place as a percentage of turns spent in the entire game.
 B = Non-inter-level travel turns spent in this place as a percentage of non-inter-level travel turns spent in the entire game.
 C = Inter-level travel turns spent in this place as a percentage of turns spent in this place.
 D = Turns resting spent in this place as a percentage of non-inter-level travel turns spent in this place.
 E = Turns spent auto-exploring this place as a percentage of non-inter-level travel turns spent in this place.
 F = Non-inter-level travel turns spent in this place divided by the number of levels of this place that you've seen.
                   A       B       C       D       E      F
               +-------+-------+-------+-------+-------+----------------------
         Total | 100.0 | 100.0 |   4.3 |  22.8 |  56.1 | 812.9
       Dungeon |  98.6 |  98.5 |   4.4 |  23.1 |  56.3 | 934.5
        Temple |   1.4 |   1.5 |   1.2 |   0.0 |  38.6 |  83.0
               +-------+-------+-------+-------+-------+----------------------

Table legend:
 A = Kills in this place as a percentage of kills in entire the game.
 B = Kills by you in this place as a percentage of kills by you in the entire game.
 C = Kills by friends in this place as a percentage of kills by friends in the entire game.
 D = Other kills in this place as a percentage of other kills in the entire game.
 E = Experience gained in this place as a percentage of experience gained in the entire game.
 F = Experience gained in this place divided by the number of levels of this place that you have seen.
                   A       B       C       D       E      F
               +-------+-------+-------+-------+-------+----------------------
         Total | 100.0 | 100.0 |   N/A |   N/A | 100.0 | 291.6
       Dungeon | 100.0 | 100.0 |   N/A |   N/A | 100.0 | 340.2
               +-------+-------+-------+-------+-------+----------------------
